 Dungeon Crawl Stone Soup version 0.21-a0-522-ga8338f0 (webtiles) character file.

17595 solxrula the Basher (level 12, -18/171 HPs)
             Began as a Troll Berserker on Dec 7, 2017.
             Was a High Priest of Trog.
             Demolished by a phantasmal warrior (27 damage)
             ... led by a death knight
             ... on level 12 of the Dungeon.
             The game lasted 01:07:25 (10939 turns).

solxrula the Basher (Troll Berserker)              Turns: 10939, Time: 01:07:25

Health: -18/171    AC: 11    Str: 35    XL:     12   Next: 20%
Magic:  13/13      EV: 14    Int:  4    God:    Trog [*****.]
Gold:   720        SH:  0    Dex: 14    Spells: 11/11 levels left

rFire    . . .     SeeInvis +   B - +8 mace
rCold    + . .     Gourm    +   (no shield)
rNeg     . . .     Faith    +   H - +2 robe {rC+}
rPois    .         Spirit   .   G - +2 hat {SInv}
rElec    .         Reflect  .   (no cloak)
rCorr    .         Harm     .   (gloves unavailable)
MR       .....                  (boots unavailable)
Stlth    ..........             m - amulet of faith
HPRegen  0.78/turn              i - +1 ring of evasion
MPRegen  0.13/turn              y - ring of see invisible

@: berserking, slowed
A: large, unfitting armour, claws 3, icy blue scales 1, agile 2, fast metabolism
3, gourmand, regeneration 1, shaggy fur 1, tough skin 2
a: Berserk, Trog's Hand, Brothers in Arms, Burn Spellbooks, Renounce Religion


You were on level 12 of the Dungeon.
You worshipped Trog.
Trog was extremely pleased with you.
You were full.

You visited 1 branch of the dungeon, and saw 12 of its levels.

You collected 720 gold pieces.

Inventory:

Hand Weapons
 a - a +4 flail
 g - a +2 antimagic battleaxe
 z - a +4 hand axe
 B - a +8 mace (weapon)
Armour
 G - a +2 hat of see invisible (worn)
 H - a +2 robe of cold resistance (worn)
 K - a +2 animal skin
Jewellery
 i - a +1 ring of evasion (left claw)
 m - an amulet of faith (around neck)
 y - a ring of see invisible (right claw)
Wands
 v - a wand of flame (81)
 x - a wand of paralysis (6)
 J - a wand of polymorph (7)
 N - a wand of clouds (7)
Scrolls
 d - a scroll of teleportation
 e - 3 scrolls of enchant armour
 j - 7 scrolls of fear
 k - 7 scrolls of remove curse
 p - 2 scrolls of magic mapping
 q - a scroll of random uselessness {unknown}
 t - 2 scrolls of fog
Potions
 l - 2 potions of ambrosia
 n - a potion of resistance
 o - a potion of haste
 r - a potion of invisibility
 s - a potion of berserk rage
 u - 2 potions of agility
 A - 5 potions of might
 D - a potion of cancellation
 E - a potion of curing
Books
 b - a book of the Sky

   Spells                             Type                      Level
   a - Summon Lightning Spire         Summoning/Air                4
   b - Silence                        Hexes/Air                    5
   c - Deflect Missiles               Charms/Air                   6
   d - Conjure Ball Lightning         Conjuration/Air              6
   e - Tornado                        Air                          9
   Trog disapproves of the use of such an item.
 w - a book of Enchantments

   Spells                             Type                      Level
   a - Cause Fear                     Hexes                        4
   b - Yara's Violent Unravelling     Hexes/Transmutation          5
   c - Silence                        Hexes/Air                    5
   d - Deflect Missiles               Charms/Air                   6
   e - Discord                        Hexes                        8
   Trog disapproves of the use of such an item.
 F - a book of Cantrips

   Spells                             Type                      Level
   a - Confusing Touch                Hexes                        1
   b - Animate Skeleton               Necromancy                   1
   c - Summon Small Mammal            Summoning                    1
   d - Apportation                    Translocation                1
   Trog disapproves of the use of such an item.
 L - a book of Callings

   Spells                             Type                      Level
   a - Summon Small Mammal            Summoning                    1
   b - Call Imp                       Summoning                    2
   c - Call Canine Familiar           Summoning                    3
   d - Summon Guardian Golem          Hexes/Summoning              3
   e - Summon Lightning Spire         Summoning/Air                4
   f - Summon Ice Beast               Ice/Summoning                4
   Trog disapproves of the use of such an item.
Comestibles
 c - 12 bread rations
 f - 2 meat rations
 h - 28 royal jellies
 C - 6 fruits


   Skills:
 + Level 6.0 Fighting
 + Level 7.8(10.7) Axes
 * Level 12.5(13.4) Maces & Flails
 + Level 6.3 Dodging
 + Level 3.0 Stealth
 + Level 1.0 Unarmed Combat
 + Level 3.1 Evocations


You had 11 spell levels left.
You didn't know any spells.

Dungeon Overview and Level Annotations

Branches:
Dungeon (12/15)            Temple (0/1) D:6            Lair (0/6) D:11
    Orc (0/2) D:11

Altars:
Cheibriados
Gozag
Kikubaaqudgha
Nemelex Xobeh
Okawaru
Qazlal
Ru
Sif Muna
Trog
Uskayaw
Vehumet
Xom
Zin

Shops:
D:4 *   D:9 [

Annotations:
D:7 1 runed door


Innate Abilities, Weirdness & Mutations

You are too large for most types of armour.
You have claws for hands.
Your metabolism is lightning-fast.
You like to eat raw meat.
Your natural rate of healing is unusually fast.
You are covered in fur. (AC +1)
You have very tough skin. (AC +2)
You are partially covered in icy blue scales. (AC +2)
You are very agile. (Dex +4)


Message History

The phantasmal warrior hits you but does no damage.
The freezing wraith hits you. The freezing wraith freezes you. You resist.
The freezing wraith closely misses you. The death knight closely misses you.
A red film seems to cover your vision as you go berserk!
You feel yourself moving faster!
You feel mighty!
You feel a lot less full. The phantasmal warrior hits you!!
The freezing wraith hits you. The freezing wraith freezes you! You resist.
The freezing wraith barely misses you. The phantasmal warrior hits you!!
* * * LOW HITPOINT WARNING * * *
The death knight hits you from afar with a glaive!!
* * * LOW HITPOINT WARNING * * *
The freezing wraith hits you.
* * * LOW HITPOINT WARNING * * *
The freezing wraith freezes you. You resist.
* * * LOW HITPOINT WARNING * * *
The freezing wraith completely misses you.
You are too berserk!
You feel a strong urge to attack something.
The phantasmal warrior hits you!!
You die...

####.#
..######.#.#.....#
. # ...|#
#.#.####..# ##
...# #.#.. ...#
###..# #.### ##.#
## #<#..## #.#
#####.# .. #.#...#
#.. ...#.# #
#.##..# ### #.##.#
#.##..# #.##.#
##.# #. ###.##.@#
#)##.## ...#
##.##.....W.#
#...... ....
....#.#.###W#
########..#.##
#### #.....#


.pW #............. #..#..#.$♣W.#.######..#.## ##.#..#.♣ ♣.#.######..#.## #...##.
.#.#<......#... #...##. .#.#######.#### #....#######.........# You could see a
death knight, 2 phantasmal warriors and 2 freezing wraiths.

Vanquished Creatures
  Gastronok (D:9)
  The ghost of nomadicburrito the Protected, a journeyman MiFi of Makhleb (D:10)
  Erolcha (D:11)
  A hydra (D:12)
  2 two-headed ogres
  An unseen horror (D:11)
  An ugly thing (D:12)
  A freezing wraith (D:12)
  A queen bee (D:9)
  A troll (D:12)
  2 hornets
  3 hippogriffs
  A shadow (D:12)
  Sigmund (D:2)
  A wraith (D:12)
  A steam dragon (D:11)
  6 yaks (D:12)
  A wyvern (D:12)
  Grum (D:10)
  3 hungry ghosts
  2 acid dragons
  A water moccasin (D:6)
  A porcupine (D:11)
  4 orc warriors
  3 sky beasts
  An eye of draining (D:12)
  2 ice beasts (D:7)
  2 black bears
  8 centaurs
  4 ogres
  4 wolves
  3 phantoms
  A crocodile (D:10)
  2 big kobolds
  A gnoll sergeant (D:6)
  8 bullfrogs
  A wyvern skeleton (D:10)
  2 scorpions
  30 killer bees
  6 wights
  4 howler monkeys
  A crimson imp (D:9)
  2 centaur zombies
  A bullfrog zombie (D:11)
  5 hounds
  9 jellies
  5 orc priests
  5 bullfrog skeletons
  8 orc wizards
  3 centaur skeletons
  3 iguanas
  8 worker ants
  2 hound skeletons
  Robin (D:2)
  12 adders
  6 gnolls
  2 shadow imps
  5 oozes (D:8)
  An adder skeleton (D:9)
  6 worms
  4 dart slugs
  6 leopard geckos
  47 orcs
  4 giant cockroaches
  15 goblins
  9 hobgoblins
  19 jackals
  21 kobolds
  8 quokkas
  5 ball pythons
  5 bats
  11 frilled lizards
  2 jackal skeletons
  2 quokka skeletons (D:4)
  14 rats
378 creatures vanquished.

Vanquished Creatures (others)
  A sky beast (D:11)
  A centaur zombie (D:11)
  2 hounds (D:6)
  An orc (D:6)
5 creatures vanquished.

Grand Total: 383 creatures vanquished

Notes
Turn   | Place    | Note
-------+----------+-------------------------------------------
     0 | D:1      | solxrula the Troll Berserker began the quest for the Orb.
     0 | D:1      | Reached XP level 1. HP: 22/22 MP: 0/0
     0 | D:1      | Found an ancient bone altar of Kikubaaqudgha.
   123 | D:1      | Reached skill level 3 in Maces & Flails
   136 | D:1      | Reached XP level 2. HP: 29/29 MP: 1/1
   575 | D:1      | Reached ** piety under Trog
   651 | D:1      | Reached XP level 3. HP: 35/36 MP: 2/2
   933 | D:1      | Gained mutation: Your flesh is heat resistant. (rF+) [potion of mutation]
   933 | D:1      | Gained mutation: You are partially covered in icy blue scales. (AC +2) [potion of mutation]
   933 | D:1      | Gained mutation: You are weak. (Str -2) [potion of mutation]
   933 | D:1      | Gained mutation: You passively map a small area around you. [potion of mutation]
   936 | D:1      | Lost mutation: You are weak. (Str -2) [potion of mutation]
   936 | D:1      | Lost mutation: You passively map a small area around you. [potion of mutation]
   936 | D:1      | Lost mutation: Your flesh is heat resistant. (rF+) [potion of mutation]
   936 | D:1      | Gained mutation: You are agile. (Dex +2) [potion of mutation]
   936 | D:1      | Gained mutation: You are very agile. (Dex +4) [potion of mutation]
   986 | D:2      | Found a faded altar of an unknown god.
  1182 | D:2      | Noticed Robin
  1195 | D:2      | Killed Robin
  1195 | D:2      | Reached skill level 4 in Maces & Flails
  1195 | D:2      | Reached XP level 4. HP: 44/44 MP: 3/3
  1349 | D:2      | Noticed Sigmund
  1357 | D:2      | Killed Sigmund
  1357 | D:2      | Reached skill level 5 in Maces & Flails
  1357 | D:2      | Reached XP level 5. HP: 53/53 MP: 4/4
  1710 | D:2      | Reached XP level 6. HP: 58/61 MP: 5/5
  1722 | D:2      | Reached *** piety under Trog
  2157 | D:3      | Reached **** piety under Trog
  2475 | D:3      | Found a sacrificial altar of Ru.
  2703 | D:4      | Reached skill level 1 in Axes
  2937 | D:4      | Reached XP level 7. HP: 58/67 MP: 6/6
  2963 | D:4      | Noticed a moth of wrath
  2965 | D:4      | Found a bloodstained altar of Trog.
  3033 | D:4      | Found Everub's Assorted Antiques.
  3325 | D:5      | Entered Level 5 of the Dungeon
  3615 | D:5      | Found a deep blue altar of Sif Muna.
  3745 | D:5      | Found a radiant altar of Vehumet.
  4146 | D:6      | Noticed a hungry ghost
  4182 | D:6      | Reached XP level 8. HP: 71/78 MP: 7/7
  4242 | D:6      | Found a shimmering altar of Xom.
  4309 | D:6      | Found a staircase to the Ecumenical Temple.
  4338 | D:6      | Reached ***** piety under Trog
  4338 | D:6      | Reached skill level 1 in Stealth
  4339 | D:6      | Reached skill level 5 in Axes
  4488 | D:6      | Found a stormy altar of Qazlal.
  5021 | D:7      | Noticed a hippogriff
  5037 | D:6      | Killed a hippogriff
  5117 | D:7      | Reached XP level 9. HP: 43/84 MP: 8/8
  5151 | D:7      | Received a gift from Trog
  5283 | D:7      | Found an opulent altar of Gozag.
  5283 | D:7      | Found a glowing silver altar of Zin.
  5579 | D:7      | Reached skill level 1 in Evocations
  6164 | D:7      | Found an iron altar of Okawaru.
  6171 | D:7      | Found a runed door.
  6288 | D:8      | Reached skill level 6 in Maces & Flails
  6309 | D:8      | Reached skill level 5 in Dodging
  6560 | D:8      | Found a snail-covered altar of Cheibriados.
  7107 | D:9      | Found a hide-covered altar of Uskayaw.
  7112 | D:9      | Reached XP level 10. HP: 78/94 MP: 10/10
  7472 | D:9      | Reached skill level 7 in Maces & Flails
  7618 | D:9      | Found Nuax's Antique Armour Boutique.
  7655 | D:9      | Noticed Gastronok
  7692 | D:9      | Found a sparkling altar of Nemelex Xobeh.
  7726 | D:9      | Noticed a two-headed ogre
  7734 | D:9      | Killed a two-headed ogre
  7734 | D:9      | Reached skill level 5 in Fighting
  7734 | D:9      | Reached skill level 8 in Maces & Flails
  8147 | D:9      | Killed Gastronok
  8147 | D:9      | Reached skill level 9 in Maces & Flails
  8175 | D:9      | Reached XP level 11. HP: 88/104 MP: 11/11
  8183 | D:9      | Received a gift from Trog
  8351 | D:10     | Entered Level 10 of the Dungeon
  8401 | D:10     | Noticed nomadicburrito's ghost (journeyman MiFi)
  8436 | D:10     | Killed nomadicburrito's ghost
  8436 | D:10     | Reached skill level 10 in Maces & Flails
  8472 | D:10     | Noticed a two-headed ogre
  8484 | D:10     | Killed a two-headed ogre
  9012 | D:11     | Noticed Grum
  9052 | D:10     | Killed Grum
  9139 | D:11     | Reached skill level 11 in Maces & Flails
  9373 | D:11     | Noticed an unseen horror
  9381 | D:11     | Killed an unseen horror
  9396 | D:11     | Found a staircase to the Orcish Mines.
  9493 | D:11     | Noticed Erolcha
  9499 | D:11     | Killed Erolcha
  9499 | D:11     | Reached skill level 1 in Unarmed Combat
  9587 | D:11     | Found a staircase to the Lair.
 10218 | D:12     | Reached skill level 12 in Maces & Flails
 10295 | D:12     | Reached XP level 12. HP: 107/113 MP: 13/13
 10301 | D:12     | Noticed a four-headed hydra
 10312 | D:12     | Killed a four-headed hydra
 10930 | D:12     | Noticed a death knight
 10938 | D:12     | HP: 8/171 [freezing wraith[a death knight] (6)]
 10939 | D:12     | Demolished by a phantasmal warrior

Vault maps used:
D:1:      sevenhm_arrival_forest_fort_small_6
D:2:      chequers_ecumenical_altar_island, minmay_octomino_c4, uniq_robin,
          uniq_sigmund
D:3:      lemuel_coloured_pillars_altar, grunt_ministairs_1,
          corexii_leaking_fountain, saegor_snake_ambush
D:4:      tgw_trog, serial_shops, shop_fountains
D:5:      vehumet_altar_wand_db, first_bread, led_sif_book
D:6:      overflow_temple_1_default, minmay_temple_entry_glass,
          serial_column_ruins, column_ruins_circle_small,
          column_ruins_corridor_straight, column_ruins_columns_straight,
          column_ruins_open_tiny, column_ruins_open_small,
          column_ruins_open_tiny, xom_confusion_cloud
D:7:      grunt_temple_overflow_gold_and_silver, okawaru_metal_pillars_1_2,
          uniq_crazy_yiuf_cottage
D:8:      slow_altar_2, hangedman_little_slice_of_home
D:9:      overflow_temple_1_default, basic_altar, serial_shops, shop,
          minivault_7, uniq_gastronok
D:10:     serial_glass, glass_columns_a, glass_columns_c, glass_columns_c,
          glass_columns_a, glass_columns_a, glass_columns_b
D:11:     grunt_lair_entry_orc_guard_hut, david_orc_2, lemuel_flame_loot_1,
          uniq_erolcha, uniq_grum
D:12:     kennysheep_generic_room_13

Skill      XL: |  1  2  3  4  5  6  7  8  9 10 11 12 |
---------------+-------------------------------------+-----
Maces & Flails | 3 4 5 6 9 12 | 12.5
Fighting       | 3 4 5 6 |  6.0
Dodging        | 3 4 5 6 |  6.3
Axes           | 1 4 6 7 |  7.8
Stealth        | 1 2 3 |  3.0
Evocations     | 1 2 3 |  3.1
Unarmed Combat | 1 |  1.0

Action                   |  1- 3 |  4- 6 |  7- 9 | 10-12 || total
-------------------------+-------+-------+-------+-------++-------
Melee: Mace              |   146 |   137 |    73 |   501 ||   857
       Hand axe          |       |    82 |   278 |       ||   360
       Unarmed           |       |       |       |    11 ||    11
       Punch             |       |       |       |     1 ||     1
Invok: Berserk           |     1 |     2 |     2 |     9 ||    14
Evoke: Wand              |       |       |    29 |    55 ||    84
  Use: Scroll            |     3 |     4 |    12 |     6 ||    25
       Potion            |     3 |     4 |     7 |     8 ||    22
 Stab: Sleeping          |       |     1 |     4 |     1 ||     6
       Invisible         |       |       |     4 |       ||     4
       Paralysed         |       |       |     8 |       ||     8
  Eat: Chunk             |    16 |    20 |    39 |    45 ||   120
Armor: Animal skin       |    60 |    95 |    86 |    64 ||   305
       Robe              |       |       |       |    76 ||    76
Dodge: Dodged            |    69 |   147 |   182 |   327 ||   725

Table legend:
 A = Spawn XP
 B = Non-spawn XP
 C = Spawn XP percentage of total XP
 D = Spawn monster count
 E = Non-spawn monster count
 F = Spawn count percentage of total count
 G = Total turns spent on level
                    A         B        C        D         E        F      G
               +---------+---------+-------+---------+---------+-------+---------
         Total |       0 |   25137 |   0.0 |       0 |     378 |   0.0 | 10939
               +---------+---------+-------+---------+---------+-------+---------
           D:1 |       0 |      53 |   0.0 |       0 |      31 |   0.0 |   996
           D:2 |       0 |     352 |   0.0 |       0 |      36 |   0.0 |   745
           D:3 |       0 |     180 |   0.0 |       0 |      40 |   0.0 |   852
           D:4 |       0 |     322 |   0.0 |       0 |      19 |   0.0 |   732
           D:5 |       0 |     288 |   0.0 |       0 |      17 |   0.0 |   743
           D:6 |       0 |    1527 |   0.0 |       0 |      24 |   0.0 |  1009
           D:7 |       0 |    1744 |   0.0 |       0 |      35 |   0.0 |  1165
           D:8 |       0 |     990 |   0.0 |       0 |      22 |   0.0 |   843
           D:9 |       0 |    5699 |   0.0 |       0 |      42 |   0.0 |  1266
          D:10 |       0 |    4105 |   0.0 |       0 |      27 |   0.0 |   698
          D:11 |       0 |    4243 |   0.0 |       0 |      38 |   0.0 |   973
          D:12 |       0 |    5634 |   0.0 |       0 |      47 |   0.0 |   917
               +---------+---------+-------+---------+---------+-------+---------
